 Dungeon Crawl Stone Soup version 0.29.1-15-g9cfb28693d (webtiles) character file.

Game seed: 12166189553018352146

75 Heoruswealwe the Shooter (level 3, -9/30 HPs)
             Began as a Demigod Hunter on Apr 4, 2023.
             Mangled by Crazy Yiuf
             ... wielding a +3 quarterstaff of chaos
              (16 damage)
             ... on level 2 of the Dungeon.
             The game lasted 00:10:52 (1252 turns).

Heoruswealwe the Shooter (Demigod Hunter)           Turns: 1252, Time: 00:10:54

Health: -9/30      AC:  4    Str: 12    XL:     3   Next: 88%
Magic:  5/5        EV: 12    Int: 11    God:
Gold:   104        SH:  0    Dex: 21    Spells: 2/2 levels left

rFire   . . .      SeeInvis .   a - +0 shortbow
rCold   . . .      Faith    .   (shield currently unavailable)
rNeg    . . .      Spirit   .   c - +0 leather armour
rPois   .          Reflect  .   (no helmet)
rElec   .          Harm     .   d - +0 cloak
rCorr   .          Rampage  .   (no gloves)
Will    .....                   (no boots)
Stlth   ++........              (no amulet)
HPRegen 0.10/turn               (no ring)
MPRegen 0.09/turn               (no ring)

@: hasted, invisible, very quick
A: high MP 1, forlorn, divine attributes
a: no special abilities


You were on level 2 of the Dungeon.
You visited 1 branch of the dungeon, and saw 2 of its levels.

You collected 104 gold pieces.

Inventory:

Hand Weapons
 a - a +0 shortbow (weapon)
Armour
 c - a +0 leather armour (worn)
 d - a +0 cloak (worn)
Scrolls
 f - a scroll of teleportation {unknown}
 j - a scroll of blinking {unknown}
 k - a scroll of identify {unknown}
Potions
 b - a potion of flight {unknown}
 e - a potion of berserk rage {unknown}
 g - a potion of haste {unknown}
 h - 2 potions of heal wounds {unknown}
 i - a potion of ambrosia {unknown}


   Skills:
 + Level 2.5 Fighting
 + Level 4.0 Ranged Weapons
 + Level 2.5 Dodging
 + Level 2.0 Stealth


You had 2 spell levels left.
You didn't know any spells.
Your spell library was empty.

Dungeon Overview and Level Annotations

Branches:
Dungeon (2/15)

Annotations:
D:2 Crazy Yiuf


Innate Abilities, Weirdness & Mutations

You have an increased reservoir of magic. (+10% MP)
You shall have no god before yourself.
Your divine heritage dramatically boosts your attributes as you level up.


Message History

The fungus is lightly damaged.
A nearby fungus withers and dies.
You hit the fungus.
The fungus begins to die.
The fungus is lightly damaged.
You hit the fungus.
The fungus is lightly damaged.
You hit the fungus.
The fungus is lightly damaged.
A nearby fungus withers and dies.
Found a hammer.
Found a runed translucent door.
a - a +0 shortbow (weapon)
You open the door. You shoot an arrow. The arrow hits Crazy Yiuf.
Crazy Yiuf is lightly wounded.
Crazy Yiuf hits you with a +3 quarterstaff of chaos!
You feel yourself speed up.
You shoot an arrow. The arrow hits Crazy Yiuf!
Crazy Yiuf is heavily wounded.
Crazy Yiuf cries, "Pitchfork hand green!"
Crazy Yiuf hits you with a +3 quarterstaff of chaos.
You are confused.
You shoot an arrow. Crazy Yiuf barely misses you.
You shoot an arrow.
Crazy Yiuf hits you with a +3 quarterstaff of chaos!
* * * LOW HITPOINT WARNING * * *
You fade into invisibility!
Non-targeted confused fire: a) +0 shortbow
Press: ? - help, Q - select action Dir - look around, f - activate Look: Crazy Yiuf, wielding a +3 quarterstaff of chaos and wearing a +0 cloak (heavily wounded, unable to see you)
Okay, then.
You shoot an arrow.
Crazy Yiuf screams, "Candle shrimp sow!"
Crazy Yiuf misses you.
You shoot an arrow. The arrow hits Crazy Yiuf!
Crazy Yiuf is almost dead.
You feel less confused.
Crazy Yiuf flaps his cloak.
Crazy Yiuf hits you with a +3 quarterstaff of chaos!
Ouch! That really hurt!
You die...

#....#
#....#
♣....♣
♣♣...♣
♣♣.♣♣
♣♣.♣
♣.♣♣
♣♣.♣
♣@♣♣
#g#
...
#...#
#)..#
#####


You could see Crazy Yiuf (unable to see you).

Vanquished Creatures
  Natasha (D:2)
  A ball python (D:1)
  8 endoplasms
  8 giant cockroaches (D:1)
  5 goblins (D:1)
  6 hobgoblins
  2 quokkas (D:1)
  4 bats
  5 frilled lizards (D:1)
  2 kobolds
  A rat (D:1)
43 creatures vanquished.

Vanquished Creatures (others)
  5 fungi (D:2)
5 creatures vanquished.

Grand Total: 48 creatures vanquished

Notes
Turn   | Place    | Note
-------+----------+-------------------------------------------
     0 | D:1      | Heoruswealwe the Demigod Hunter began the quest for the
                  | Orb.
     0 | D:1      | Reached XP level 1. HP: 17/17 MP: 3/3
    40 | D:1      | Reached skill level 1 in Stealth
   347 | D:1      | Reached XP level 2. HP: 24/24 MP: 4/4
   735 | D:1      | Reached XP level 3. HP: 29/29 MP: 5/5
  1172 | D:2      | Noticed Natasha
  1178 | D:2      | Killed Natasha
  1179 | D:2      | Reached skill level 4 in Ranged Weapons
  1241 | D:2      | Found a runed translucent door.
  1243 | D:2      | Noticed Crazy Yiuf
  1252 | D:2      | Mangled by Crazy Yiuf

Illustrated notes

Levels and vault maps discovered:
D:1:      minmay_arrival_five_plusses, layout_basic, minmay_misc_feat_pillars,
          minmay_worlds_worst_comb
D:2:      layout_loops_ring, minivault_5, uniq_crazy_yiuf_cottage, uniq_natasha,
          uniq_terence

Skill      XL: |  1  2  3 |
---------------+----------+-----
Stealth        | 1 2 |  2.0
Fighting       | 2 |  2.5
Dodging        | 2 |  2.5
Ranged Weapons | 4 |  4.0

Action                   || total
-------------------------++-------
Melee: Unarmed           ||    22
 Fire: Shortbow          ||   101
  Use: Scroll            ||     1
Armor: Leather armour    ||    25
Dodge: Dodged            ||    36
